AoeStats
← WHİTE.MAN.TR

Lombardia

509497266Analyzed
3v3 RM · 5d ago on Sep 27, 2026· 55m 21s· 6 players
Game mode
Random Map
Map size
Normal (6 player)
Population
200
Speed
Normal
Resources
Standard
Victory
Conquest
Starting age
Dark Age
Ending age
Imperial Age
RankedLock teamsTeams togetherTeam positionsShared explorationLock speedFull tech treeHidden civsTurbo modeCheats
Victory
Defeat
🇦🇷 Ethiopians · Argentina
1007
+16
🇦🇷 Turks · Argentina
973
+18
🇦🇷 Celts · Argentina
963
+18
🇹🇷 Gurjaras · Türkiye
1027
-18
🇹🇷 Britons · Türkiye
1013
-17
🇹🇷 Turks · Türkiye
999
-17
Insmago
11:01 Feudal Age
15:58 Castle Age
14:21 Double-Bit Axe
15:01 Loom
15:07 Loom
16:03 Fletching
16:13 Padded Archer Armor
16:15 Horse Collar
16:04 Crossbowman
17:24 Padded Archer Armor
18:26 Loom
19:03 Bow Saw
23:04 Loom
26:32 Heavy Plow
30:01 Gold Mining
31:42 Scale Barding Armor
31:49 Forging
32:38 Husbandry
33:01 Chain Barding Armor
33:17 Bodkin Arrow
33:37 Leather Archer Armor
33:23 Bodkin Arrow
34:24 Wheelbarrow
34:18 Bodkin Arrow
34:59 Iron Casting
35:32 Iron Casting
34:36 Light Cavalry
39:31 Imperial Age
37:23 Hand Cart
39:06 Ballistics
39:33 Thumb Ring
40:25 Gold Shaft Mining
39:41 Stone Mining
39:37 Arbalester
40:19 Bracer
40:50 Ring Archer Armor
43:07 Chemistry
43:10 Blast Furnace
42:22 Hussar
44:42 Two-Man Saw
44:21 Stone Shaft Mining
44:51 Conscription
AquilesDaiMoN
6:44 Loom
10:10 Feudal Age
10:11 Man-at-Arms
16:23 Double-Bit Axe
17:21 Town Watch
20:11 Castle Age
18:32 Fletching
20:01 Wheelbarrow
21:21 Bow Saw
20:53 Horse Collar
21:23 Gold Mining
22:04 Husbandry
23:14 Forging
23:10 Scale Barding Armor
26:20 Scale Mail Armor
30:54 Chain Mail Armor
30:44 Scale Barding Armor
31:15 Iron Casting
30:46 Heavy Plow
32:05 Stone Mining
32:50 Gold Shaft Mining
39:20 Imperial Age
37:09 Hand Cart
38:07 Chain Barding Armor
38:48 Gold Shaft Mining
38:56 Town Patrol
39:25 Cavalier
41:43 Stone Shaft Mining
45:03 Chemistry
45:56 Blast Furnace
45:26 Plate Mail Armor
48:45 Paladin
56:18 Coinage
55:59 Guilds
Hola
7:16 Loom
9:40 Feudal Age
10:37 Double-Bit Axe
15:08 Fletching
23:08 Castle Age
21:06 Gold Mining
22:21 Padded Archer Armor
23:03 Horse Collar
23:11 Crossbowman
23:52 Bodkin Arrow
25:35 Leather Archer Armor
27:28 Bow Saw
29:36 Ballistics
34:49 Thumb Ring
36:48 Wheelbarrow
36:05 Town Watch
37:35 Stone Mining
38:21 Gold Shaft Mining
38:33 Heavy Plow
42:38 Imperial Age
40:51 Town Patrol
43:49 Bombard Tower
44:25 Conscription
45:12 Bracer
45:59 Ring Archer Armor
49:21 Scale Barding Armor
49:27 Forging
50:05 Husbandry
50:16 Bloodlines
52:28 Chain Barding Armor
52:44 Iron Casting
54:12 Scale Mail Armor
54:05 Guard Tower
TÔRBACI
5:09 Loom
10:41 Feudal Age
18:19 Castle Age
18:08 Fletching
21:53 Elite Skirmisher
24:20 Padded Archer Armor
24:54 Double-Bit Axe
28:22 Yeomen
30:00 Bow Saw
29:47 Gold Mining
31:58 Wheelbarrow
33:31 Horse Collar
34:43 Heavy Plow
35:37 Ballistics
38:12 Imperial Age
36:18 Stone Mining
37:45 Hand Cart
37:21 Pikeman
41:25 Chemistry
42:04 Two-Man Saw
41:09 Bodkin Arrow
41:29 Leather Archer Armor
42:43 Bracer
43:48 Ring Archer Armor
44:07 Elite Longbowman
bATÜn
11:48 Feudal Age
13:04 Man-at-Arms
16:30 Double-Bit Axe
22:06 Castle Age
30:02 Scale Barding Armor
30:08 Forging
30:26 Double-Bit Axe
31:46 Bow Saw
34:05 Bloodlines
33:55 Husbandry
34:12 Horse Collar
36:28 Scale Mail Armor
37:03 Chain Barding Armor
39:23 Iron Casting
43:56 Gold Mining
44:02 Stone Mining
WHİTE.MAN.TR
12:29 Feudal Age
12:04 Loom
14:22 Double-Bit Axe
19:42 Castle Age
17:46 Horse Collar
21:45 Stone Mining
24:19 Gold Mining
32:07 Fletching
32:17 Padded Archer Armor
33:18 Wheelbarrow
40:12 Imperial Age
38:12 Town Watch
38:56 Heavy Plow
39:09 Bow Saw
39:11 Caravan
40:43 Gold Shaft Mining
40:32 Hand Cart
40:59 Bodkin Arrow
41:19 Leather Archer Armor
41:22 Elite Janissary
42:30 Bracer
45:16 Heavy Camel Rider
47:21 Two-Man Saw
Connection lost

Rejoining the realm…

Still unreachable

The connection could not be restored.

Session expired

The server has moved on; the page needs a fresh start.